AoeStats
← Sassy Susan

MegaRandom

509869754Analyzed
4v4 RM · 4d ago on Sep 28, 2026· 42m 26s· 8 players
Game mode
Random Map
Map size
Large (8 player)
Population
200
Speed
Normal
Resources
Standard
Victory
Conquest
Starting age
Dark Age
Ending age
Imperial Age
RankedLock teamsTeams togetherTeam positionsShared explorationLock speedFull tech treeHidden civsTurbo modeCheats
Victory
Defeat
🇳🇴 Dravidians · Norway
1634
+6
🇨🇱 Persians · Chile
1392
+15
🇪🇸 Varangians · Spain
1287
+19
🇿🇦 Japanese · South Africa
1103
+25
🇨🇳 Britons · China
1371
-17
🇨🇳 Magyars · China
1371
-17
🇨🇳 Franks · China
1357
-16
🇪🇸 Danes · Spain
1329
-15
Sassy Susan
0:34 Loom
11:47 Feudal Age
12:29 Double-Bit Axe
16:19 Castle Age
15:41 Fishing Lines
16:08 Fishing Lines
17:15 Bow Saw
17:21 Gold Mining
18:28 Horse Collar
19:03 Fletching
21:04 Bodkin Arrow
22:02 Wheelbarrow
22:25 Padded Archer Armor
26:14 Hand Cart
26:14 Town Watch
28:55 Leather Archer Armor
29:02 Ballistics
30:09 Thumb Ring
34:56 Imperial Age
35:41 Bracer
36:53 Chemistry
36:01 Elite Elephant Archer
39:04 Conscription
41:11 Stone Mining
Gandalff
0:28 Loom
9:06 Feudal Age
11:02 Double-Bit Axe
11:31 Bloodlines
11:27 Scale Barding Armor
11:32 Forging
11:51 Horse Collar
19:05 Forging
22:21 Castle Age
23:27 Chain Barding Armor
23:09 Husbandry
23:45 Iron Casting
24:13 Wheelbarrow
24:14 Gold Mining
28:38 Hand Cart
30:51 Fletching
33:13 Stone Mining
35:13 Town Watch
37:12 Bodkin Arrow
GreenBeret
0:41 Loom
11:31 Feudal Age
13:23 Wheelbarrow
21:41 Castle Age
22:15 Pikeman
23:35 Padded Archer Armor
25:14 Fletching
25:35 Gold Mining
26:19 Bodkin Arrow
27:45 Double-Bit Axe
28:59 Horse Collar
31:33 Town Watch
32:27 Forging
32:19 Scale Mail Armor
33:54 Gold Shaft Mining
35:36 Chain Mail Armor
38:50 Iron Casting
39:57 Murder Holes
41:41 Ballistics
42:44 Guard Tower
Arkhan
0:31 Loom
9:16 Feudal Age
14:04 Wheelbarrow
17:55 Wheelbarrow
20:32 Castle Age
19:10 Scale Barding Armor
19:59 Town Watch
20:36 Forging
21:33 Double-Bit Axe
26:54 Horse Collar
29:45 Hand Cart
29:36 Husbandry
31:10 Bloodlines
32:31 Bow Saw
32:25 Heavy Plow
33:08 Gold Mining
34:05 Chain Barding Armor
37:00 Iron Casting
pauito79_ator
0:31 Loom
11:22 Feudal Age
11:27 Man-at-Arms
11:54 Arson
14:09 Forging
16:37 Scale Mail Armor
17:05 Horse Collar
18:22 Wheelbarrow
22:30 Castle Age
20:44 Stone Mining
22:49 Long Swordsman
23:30 Squires
23:15 Gambesons
23:48 Chain Mail Armor
24:08 Iron Casting
24:04 Double-Bit Axe
24:40 Gold Mining
25:19 Heavy Plow
27:30 Bow Saw
31:02 Gold Shaft Mining
31:16 Hamask
36:40 Fletching
37:30 Bodkin Arrow
rookie
0:32 Loom
8:19 Feudal Age
10:40 Double-Bit Axe
19:08 Forging
23:38 Castle Age
22:03 Gold Mining
22:33 Scale Barding Armor
25:14 Fishing Lines
26:22 Gold Shaft Mining
26:02 Bow Saw
26:48 Wheelbarrow
26:20 Husbandry
30:38 Hand Cart
31:51 Town Watch
33:08 Stone Mining
34:20 Town Patrol
35:20 Chain Barding Armor
40:49 Imperial Age
38:58 Iron Casting
39:01 Medium Warships
39:10 Fletching
40:16 Bodkin Arrow
41:08 Masonry
40:39 Treadmill Crane
41:20 Ballistics
40:54 Cavalier
42:11 Plate Barding Armor
42:02 Conscription
43:04 Blast Furnace
锦水有鸳
0:31 Loom
9:58 Feudal Age
10:44 Double-Bit Axe
16:42 Castle Age
16:05 Fletching
16:11 Gold Mining
17:44 Fletching
19:05 Crossbowman
20:39 Bodkin Arrow
21:41 Padded Archer Armor
21:27 Horse Collar
22:24 Padded Archer Armor
23:48 Wheelbarrow
27:17 Ballistics
27:17 Leather Archer Armor
28:42 Bow Saw
29:39 Town Watch
38:09 Imperial Age
35:18 Pikeman
38:43 Hand Cart
38:07 Arbalester
38:51 Bracer
39:59 Chemistry
40:30 Ring Archer Armor
1352078704
0:33 Loom
10:09 Feudal Age
11:50 Double-Bit Axe
13:42 Horse Collar
14:18 Scale Barding Armor
18:54 Castle Age
19:32 Bloodlines
21:03 Gold Mining
23:52 Wheelbarrow
25:17 Chain Barding Armor
25:53 Husbandry
33:22 Bow Saw
35:28 Gold Shaft Mining
34:44 Stone Mining
37:43 Fletching
40:27 Imperial Age
40:14 Bodkin Arrow
Connection lost

Rejoining the realm…

Still unreachable

The connection could not be restored.

Session expired

The server has moved on; the page needs a fresh start.